 Seeded DCSS version 0.29.1-15-g9cfb28693d (webtiles) character file.

Game seed: 7873365575557357664 (custom seed)

44 GigaChad the Chopper (level 3, -3/30 HPs)
             Began as a Minotaur Gladiator on Mar 16, 2023.
             Was an Initiate of Okawaru.
             Slain by a gnoll
             ... wielding a +0 spear
              (6 damage)
             ... on level 2 of the Dungeon.
             The game lasted 00:01:12 (1260 turns).

GigaChad the Chopper (Minotaur Gladiator)           Turns: 1260, Time: 00:01:12

Health: -3/30      AC:  4    Str: 20    XL:     3   Next: 39%
Magic:  2/2        EV: 12    Int:  5    God:    Okawaru [......]
Gold:   64         SH:  0    Dex: 11    Spells: 2/2 levels left

rFire   . . .      SeeInvis .   a - +0 war axe
rCold   . . .      Faith    .   (no shield)
rNeg    . . .      Spirit   .   b - +0 leather armour
rPois   .          Reflect  .   c - +1 hat
rElec   .          Harm     .   (no cloak)
rCorr   .          Rampage  .   (no gloves)
Will    .....                   (no boots)
Stlth   +.........              (no amulet)
HPRegen 0.10/turn               (no ring)
MPRegen 0.08/turn               (no ring)

@: no status effects
A: horns 2, retaliatory headbutt
a: Renounce Religion


You were on level 2 of the Dungeon.
You worshipped Okawaru.
Okawaru was noncommittal.
You visited 1 branch of the dungeon, and saw 2 of its levels.

You collected 64 gold pieces.

Inventory:

Hand Weapons
 a - a +0 war axe (weapon)
Missiles
 d - 3 throwing nets (quivered)
 e - 3 javelins
Armour
 b - a +0 leather armour (worn)
 c - a +1 hat (worn)
Jewellery
 l - a ring of magical power
Scrolls
 k - 2 scrolls of identify
Potions
 f - 2 potions of curing {unknown}
 g - 2 potions of haste {unknown}
 h - a potion of might {unknown}
 i - a potion of brilliance {unknown}
 j - a potion of flight {unknown}


   Skills:
 + Level 2.5 Fighting
 + Level 4.7 Axes
 + Level 2.1 Throwing
 + Level 0.8 Armour
 + Level 3.7 Dodging


You had 2 spell levels left.
You didn't know any spells.
Your spell library was empty.

Dungeon Overview and Level Annotations

Branches:
Dungeon (2/15)

Altars:
Okawaru


Innate Abilities, Weirdness & Mutations

You have a pair of horns on your head.
You reflexively headbutt those who attack you in melee.


Message History

You hit the kobold. Your headbutt misses the kobold.
The kobold is moderately wounded.
The gnoll hits you from afar with a +0 spear.
The kobold closely misses you. You furiously retaliate!
You headbutt the kobold, but do no damage.
You slash the kobold!
You kill the kobold!
Okawaru accepts your kill. The gnoll hits you but does no damage.
The gnoll misses you. The gnoll hits you with a +0 spear.
Things that are here:
a +0 short sword; 2 stones You are too injured to fight recklessly!
You are too injured to fight recklessly!
You are too injured to fight recklessly!
Unknown command.
You are too injured to fight recklessly!
You hit the gnoll.
The gnoll is heavily wounded.
You closely miss the gnoll. The gnoll barely misses you. The gnoll misses you.
The gnoll hits you with a +0 spear.
* * * LOW HITPOINT WARNING * * *
The gnoll hits you but does no damage.
You hit the gnoll.
You kill the gnoll!
Okawaru accepts your kill.
You slash the gnoll! The gnoll hits you with a +0 spear.
* * * LOW HITPOINT WARNING * * *
The gnoll barely misses you.
You barely miss the gnoll.
The gnoll is heavily wounded.
The gnoll closely misses you.
You barely miss the gnoll.
The gnoll is heavily wounded.
The gnoll hits you with a +0 spear.
* * * LOW HITPOINT WARNING * * *
You closely miss the gnoll. Your headbutt misses the gnoll.
The gnoll is heavily wounded.
The gnoll hits you with a +0 spear.
You die...

#.........# ...
#####....#### ....
........>...#
#>..##############.#####
.......... .......).....
.........#########.#.###
........................
............######.#.###
......g@..$........#<#
......))........##.# #
.........#)###.......
##.#######.# #.###.###
.. ... #.# #... #
##.#.#.# #.### ..#.#.#
#.# ### #.# .#


You could see a gnoll.

Vanquished Creatures
  A gnoll (D:2)
  5 bats
  4 endoplasms
  A giant cockroach (D:1)
  4 goblins
  3 hobgoblins (D:1)
  4 jackals (D:1)
  3 kobolds
  A quokka (D:2)
  3 ball pythons (D:1)
  A rat (D:1)
30 creatures vanquished.

Notes
Turn   | Place    | Note
-------+----------+-------------------------------------------
     0 | D:1      | GigaChad the Minotaur Gladiator began the quest for the
                  | Orb.
     0 | D:1      | Reached XP level 1. HP: 18/18 MP: 0/0
   270 | D:1      | Reached skill level 4 in Axes
   270 | D:1      | Reached XP level 2. HP: 25/25 MP: 1/1
   655 | D:1      | Found a faded altar of an unknown god.
  1041 | D:2      | Reached XP level 3. HP: 30/30 MP: 2/2
  1047 | D:2      | Found an iron altar of Okawaru.
  1065 | D:2      | Became a worshipper of Warmaster Okawaru
  1260 | D:2      | Slain by a gnoll

Illustrated notes

Levels and vault maps discovered:
D:1:      mrwooster_arrival_statue_3, layout_loops_ring,
          shapermc_ecumenical_altar_pompeii
D:2:      layout_basic, basic_altar, uniq_crazy_yiuf_cottage

Skill      XL: |  1 |
---------------+----+-----
Axes           | 4 |  4.7
Fighting       | |  2.5
Throwing       | |  2.1
Armour         | |  0.8
Dodging        | |  3.7

Action                   || total
-------------------------++-------
Melee: War axe           ||    62
       Headbutt          ||    10
  Use: Scroll            ||     3
Armor: Leather armour    ||    26
Dodge: Dodged            ||    47
